 Dungeon Sprint DCSS version 0.32-a0-872-g59262bdc9b (webtiles) character file.

Game seed: 1791556978124244810

578 Conn the Arsonist (level 9, 0/53 HPs)
             Began as an Octopode Fire Elementalist on Mar 30, 2024.
             Was a High Priest of Sif Muna.
             Slain by a fire crab (shapeshifter) (3 damage)
             ... in the Dungeon (Sprint VI: "Thunderdome").
             The game lasted 00:11:07 (951 turns).

Conn the Arsonist (Octopode Fire Elementalist)       Turns: 951, Time: 00:11:09

Health: 0/53       AC:  1    Str: 11    XL:     9   Next: 92%
Magic:  24/50      EV: 26    Int: 38    God:    Sif Muna [*****.]
Gold:   310        SH:  0    Dex: 32    Spells: 1/28 levels left

rFire   + + .        x - staff of Prudence {^Contam rF+ rC+ rN+ Str+4 Fire}
rCold   + + +        (no shield)
rNeg    + + +        (helmet restricted)
rPois   +            k - amulet "Qoyt" {Faith -Tele rCorr Str+5 Dex+4}
rElec   .            l - ring of Scepticism {rPois EV+5 Str-5 Int+8 Slay+2}
rCorr   +            n - ring of Immorality {Wiz rF+}
SInv    .            m - ring of Gaanem {MP+9 Str-4 Dex+5}
Will    .....        o - ring of Zacocw {rN+ MP+9 Int+3}
Stlth   +++++        q - ring of Wuticsokh {rC+ rN+ Int+3 Dex+5}
HPRegen 0.28/turn    r - ring "Juet Hiu" {rPois Int+3}
MPRegen 0.32/turn    t - ring "Ischudel" {rC+ MP+9 Str+3 Dex+6}
                     u - ring of Intercession {Wiz Fly rCorr}

%: no teleportation, faith, wizardry (x2)
@: flying
A: almost no armour, amphibious, 8 rings, camouflage 1, gelatinous body 1,
(nimble swimmer 1), tentacles
}: 1/15 runes: decaying
a: Renounce Religion, Channel Magic, Forget Spell, Divine Exegesis


You were in the Dungeon.
You worshipped Sif Muna.
Sif Muna was extremely pleased with you.
You visited 1 branch You collected 850 gold pieces.
You spent 540 gold pieces at shops.

Inventory:

Magical Staves
 x - the staff of Prudence (weapon) {^Contam rF+ rC+ rN+ Str+4 Fire}
   (You found it in the Dungeon)

   [staff of fire]

   Base accuracy: +5 Base damage: 5 Base attack delay: 1.2 This weapon's minimum
   attack delay (0.6) is reached at skill level 12.
   Str+4:     It affects your strength (+4).
   rF+:       It protects you from fire.
   rC+:       It protects you from cold.
   rN+:       It protects you from negative energy.
   ^Contam:   It causes magical contamination when unequipped.
   Fire:      It increases the power of your Fire spells.
   It falls into the 'Staves' category.
   It is a one-tentacled weapon.
Jewellery
 k - the amulet "Qoyt" (around mantle) {Faith -Tele rCorr Str+5 Dex+4}
   (You bought it in a shop in the Dungeon)

   [amulet of faith]

   Faith:     It allows you to gain divine favour quickly.
   Str+5:     It affects your strength (+5).
   Dex+4:     It affects your dexterity (+4).
   -Tele:     It prevents most forms of teleportation.
   rCorr:     It protects you from acid and corrosion.
 l - the ring of Scepticism (left tentacle) {rPois EV+5 Str-5 Int+8 Slay+2}
   (You bought it in a shop in the Dungeon)

   [ring of evasion]

   EV+5:      It affects your evasion (+5).
   Str-5:     It affects your strength (-5).
   Int+8:     It affects your intelligence (+8).
   Slay+2:    It affects your accuracy & damage with ranged weapons and melee
   (+2).
   rPois:     It protects you from poison.
 m - the ring of Gaanem (on tentacle) {MP+9 Str-4 Dex+5}
   (You bought it in a shop in the Dungeon)

   [ring of magical power]

   Str-4:     It affects your strength (-4).
   Dex+5:     It affects your dexterity (+5).
   MP+9:      It affects your magic capacity (+9).
 n - the ring of Immorality (right tentacle) {Wiz rF+}
   (You bought it in a shop in the Dungeon)

   [ring of wizardry]

   Wiz:       It improves your spell success rate.
   rF+:       It protects you from fire.
 o - the ring of Zacocw (on tentacle) {rN+ MP+9 Int+3}
   (You bought it in a shop in the Dungeon)

   [ring of magical power]

   Int+3:     It affects your intelligence (+3).
   rN+:       It protects you from negative energy.
   MP+9:      It affects your magic capacity (+9).
 p - the ring of Megacemn {rElec rC- rN+++ Will+ Slay-4}
   (You bought it in a shop in the Dungeon)

   [ring of willpower]

   Slay-4:    It affects your accuracy & damage with ranged weapons and melee
   (-4).
   rC-:       It makes you vulnerable to cold.
   rElec:     It insulates you from electricity.
   rN+++:     It renders you almost immune to negative energy.
   Will+:     It increases your willpower.
 q - the ring of Wuticsokh (on tentacle) {rC+ rN+ Int+3 Dex+5}
   (You bought it in a shop in the Dungeon)

   [ring of positive energy]

   Int+3:     It affects your intelligence (+3).
   Dex+5:     It affects your dexterity (+5).
   rC+:       It protects you from cold.
   rN+:       It protects you from negative energy.
 r - the ring "Juet Hiu" (on tentacle) {rPois Int+3}
   (You bought it in a shop in the Dungeon)

   [ring of poison resistance]

   Int+3:     It affects your intelligence (+3).
   rPois:     It protects you from poison.
 s - the ring of Sosch {*Slow rF+ rC+ Str+8 SInv}
   (You bought it in a shop in the Dungeon)

   [ring of protection from cold]

   Str+8:     It affects your strength (+8).
   rF+:       It protects you from fire.
   rC+:       It protects you from cold.
   SInv:      It lets you see invisible.
   *Slow:     It may slow you when you take damage.
 t - the ring "Ischudel" (on tentacle) {rC+ MP+9 Str+3 Dex+6}
   (You bought it in a shop in the Dungeon)

   [ring of dexterity]

   Str+3:     It affects your strength (+3).
   Dex+6:     It affects your dexterity (+6).
   rC+:       It protects you from cold.
   MP+9:      It affects your magic capacity (+9).
 u - the ring of Intercession (on tentacle) {Wiz Fly rCorr}
   (You bought it in a shop in the Dungeon)

   [ring of wizardry]

   Wiz:       It improves your spell success rate.
   Fly:       It grants you flight.
   rCorr:     It protects you from acid and corrosion.
 v - the ring of Orghos {*Slow rPois rCorr Dex+4}
   (You bought it in a shop in the Dungeon)

   [ring of resist corrosion]

   Dex+4:     It affects your dexterity (+4).
   rPois:     It protects you from poison.
   rCorr:     It protects you from acid and corrosion.
   *Slow:     It may slow you when you take damage.
Wands
 g - a wand of light (4)
 h - a wand of roots (4)
Scrolls
 f - 4 scrolls of blinking
 i - 3 scrolls of fog
Potions
 a - 2 potions of magic
 b - a potion of curing
 c - 4 potions of heal wounds
 d - 4 potions of haste
 e - a potion of berserk rage
 j - a potion of resistance
 w - a potion of experience


   Skills:
 + Level 1.4 Fighting
 + Level 8.2 Dodging
 - Level 5.7 Stealth
 * Level 10.4 Spellcasting
 * Level 10.0 Conjurations
 - Level 6.5 Hexes
 * Level 11.5 Fire Magic
 + Level 7.1 Invocations
 - Level 1.4 Evocations


You had one spell level left.
You knew the following spells:

 Your Spells              Type           Power      Damage    Failure   Level
a - Foxfire               Conj/Fire      100%       2x1d9     0%          1
b - Scorch                Fire           100%       2d9       1%          2
c - Inner Flame           Hex/Fire       93%        N/A       1%          3
d - Flame Wave            Conj/Fire      100%       2d21      1%          4
e - Stone Arrow           Conj/Erth      100%       3d13      1%          3
f - Swiftness             Air            19%        N/A       1%          3
g - Fireball              Conj/Fire      50%        3d20      1%          5
h - Starburst             Conj/Fire      50%        6d14      1%          6

Your spell library contained the following spells:

 Spells                   Type           Power      Damage    Failure   Level
 Shock                    Conj/Air       100%       1d9       1%          1
 Cigotuvi's Dreadful Rot  Necr/Alch/Air  38%        N/A       1%          2
 Frozen Ramparts          Ice            38%        1d6       1%          3
 Passwall                 Erth           19%        N/A       1%          3
 Teleport Other           Tloc           19%        N/A       1%          3
 Volatile Blastmotes      Fire/Tloc      100%       2d18      1%          3
 Ignition                 Fire           51%        3d14      28%         8


Dungeon Overview and Level Annotations

Branches:
Dungeon (1/1)

Altars:
Cheibriados
Dithmenos
Fedhas
Gozag
Kikubaaqudgha
Makhleb
Okawaru
Qazlal
Ru
Sif Muna
Trog
Uskayaw
Vehumet
Wu Jian
Xom
Yredelemnul
Zin
The Shining One
Beogh
Lugonu

Shops:
D *[=??*?*:[((!!!!


Innate Abilities, Weirdness & Mutations

You cannot wear most types of armour.
You are amphibious.
You can wear up to eight rings at the same time.
Your skin changes colour to match your surroundings (Stealth+).
Your rubbery body absorbs attacks. (AC +1, EV +1)
((You are camouflaged when in or above water. (Stealth+)))
You have tentacles for arms and can constrict up to eight enemies at once.


Message History

You are engulfed in blazing flames.
You resist.
The polar bear goes berserk!
Unknown command.
Casting: Stone Arrow (safe; 1% risk of failure)
Confirm with . or Enter, or press ? or * to list all spells.
Aiming: Stone Arrow (safe; 1% risk of failure)
Press: ? - help, Shift-Dir - straight line, f/p - fire crab
Aim: a fire crab (heavily wounded, 89% to hit)
The stone arrow hits the fire crab!
The fire crab is severely wounded.
The fire crab breathes flames at you.
The blast of flame engulfs you but does no damage.
You resist.
Casting: Stone Arrow (safe; 1% risk of failure)
Confirm with . or Enter, or press ? or * to list all spells.
Aiming: Stone Arrow (safe; 1% risk of failure)
Press: ? - help, Shift-Dir - straight line, f/p - fire crab
Aim: a fire crab (severely wounded, 89% to hit)
The stone arrow hits the fire crab!
The fire crab is almost dead.
You are engulfed in blazing flames.
You resist. The polar bear completely misses you.
The polar bear closely misses you. The polar bear claws you.
The polar bear bites you! The polar bear misses you.
The polar bear completely misses you.
Unknown command.
Casting: Stone Arrow (safe; 1% risk of failure)
Confirm with . or Enter, or press ? or * to list all spells.
Casting: Starburst (dangerous; 1% risk of failure)
Press: ? - help, Dir - look around, f - activate You feel a surge of power!
The bolt of fire hits the polar bear!!!
You kill the polar bear!
Sif Muna accepts your kill.
The polar bear's shape twists and changes as it dies.
The bolt of fire hits the fire crab.
The fire crab completely resists.
The fire crab is almost dead.
You are engulfed in blazing flames.
You resist.
* * * LOW HITPOINT WARNING * * *
The fire crab completely misses you. The fire crab claws you!
* * * LOW HITPOINT WARNING * * *
You are engulfed in flames.
You resist.
You die...

##### ##⌠§§## #.....# ##.....##
##∩.....∩## #∩.......∩#
#_.....t†_# #_.....@._#
#_......._# ###.........###
#⌠...........⌠#
######.ß.........ß.######
##∩_._......###..[...__.∩##
##∩....)...ß.# #(ß.(......∩###
.............###...).........##
..........###...###..........⌠#


You could see a fire crab.

Vanquished Creatures
  An arcanist (D)
  A ghost crab (D)
  A black mamba (shapeshifter) (D)
  A kobold demonologist (D)
  A polar bear (shapeshifter) (D)
  A blink frog (D)
  Prince Ribbit (D)
  Sigmund (D)
  A yak (shapeshifter) (D)
  A vampire mosquito (D)
  A centaur (D)
  3 kobold brigands (D)
  4 bullfrogs (D)
  A jelly (D)
  2 orcs (D)
  A ball python (D)
  5 endoplasms (D)
  3 kobolds (D)
30 creatures vanquished.

Vanquished Creatures (others)
  125 foxfires (D)
125 creatures vanquished.

Grand Total: 155 creatures vanquished

Notes
Turn   | Place    | Note
-------+----------+-------------------------------------------
     0 | D        | Conn the Octopode Fire Elementalist began the quest for the
                  | Orb.
     0 | D        | Reached XP level 1. HP: 11/11 MP: 3/3
     4 | D        | Found a hide-covered altar of Uskayaw.
     4 | D        | Found a glowing silver altar of Zin.
     5 | D        | Found an opulent altar of Gozag.
     5 | D        | Round 1.
     6 | D        | Found a glowing golden altar of the Shining One.
     6 | D        | Found a corrupted altar of Lugonu.
     7 | D        | Found Deasoolel's Timeless Talismans.
     7 | D        | Found a snail-covered altar of Cheibriados.
     7 | D        | Found a shimmering altar of Xom.
     7 | D        | Found Fuezxoem's Identification Station.
     8 | D        | Found Oqet's Jewellery.
     8 | D        | Found Uheyfrol's Advanced Armour.
    10 | D        | Found a shimmering blue altar of Sif Muna.
    12 | D        | Found a blossoming altar of Fedhas.
    12 | D        | Noticed Sigmund
    13 | D        | Found a roughly hewn altar of Beogh.
    14 | D        | Found Zimepped's Premium Goods.
    15 | D        | Found Xoak's Miscellaneous Merchandise.
    15 | D        | Found Baroel's Basic Armour.
    16 | D        | Found a basalt altar of Yredelemnul.
    16 | D        | Found a sacrificial altar of Ru.
    16 | D        | Found Oggikuurch's Weapon Rack.
    19 | D        | Became a worshipper of Sif Muna the Loreminder
    24 | D        | Noticed a centaur
    27 | D        | Killed Sigmund
    28 | D        | Reached skill level 5 in Stealth
    28 | D        | Reached skill level 8 in Fire Magic
    28 | D        | Reached skill level 1 in Evocations
    28 | D        | Reached XP level 2. HP: 9/17 MP: 0/7
    28 | D        | Reached XP level 3. HP: 11/21 MP: 0/9
    28 | D        | Reached XP level 4. HP: 14/27 MP: 0/10
    28 | D        | Reached XP level 5. HP: 16/31 MP: 0/12
    34 | D        | Killed a centaur
    35 | D        | Reached skill level 5 in Spellcasting
    35 | D        | Reached skill level 9 in Fire Magic
    35 | D        | Reached XP level 6. HP: 2/36 MP: 9/14
    49 | D        | Bought a coiled amethyst amulet for 45 gold pieces
    49 | D        | Identified the amulet "Qoyt" {Faith -Tele rCorr Str+5
                  | Dex+4} (You bought it in a shop in the Dungeon)
    49 | D        | Bought a brightly glowing brass ring for 45 gold pieces
    49 | D        | Identified the ring of Scepticism {rPois EV+5 Str-5 Int+8
                  | Slay+2} (You bought it in a shop in the Dungeon)
    49 | D        | Bought a coiled ivory ring for 45 gold pieces
    49 | D        | Identified the ring of Gaanem {MP+9 Str-4 Dex+5} (You
                  | bought it in a shop in the Dungeon)
    49 | D        | Bought a fine jade ring for 45 gold pieces
    49 | D        | Identified the ring of Immorality {Wiz rF+} (You bought it
                  | in a shop in the Dungeon)
    62 | D        | Found a stormy altar of Qazlal.
    63 | D        | Found Ownom's Magic Scroll Shop.
    64 | D        | Found Ixytooq's Magic Scroll Shop.
    64 | D        | Found Zifruude's Must-Have Magic.
    65 | D        | Found a bloodstained altar of Trog.
    65 | D        | Found an iron altar of Okawaru.
    65 | D        | Found a burning altar of Makhleb.
    65 | D        | Found Buanenov's Staff Store.
    69 | D        | Found an ancient bone altar of Kikubaaqudgha.
    70 | D        | Found a shadowy altar of Dithmenos.
    72 | D        | Found Miadion's Distillery.
    73 | D        | Found Eraets's Distillery.
    73 | D        | Found Cyofoowa's Bottled Wisdom.
    74 | D        | Found a radiant altar of Vehumet.
    74 | D        | Found an ornate altar of the Wu Jian Council.
    74 | D        | Found Riethara's Do-It-Yourself Clinic.
   113 | D        | Learned a level 2 spell: Scorch
   114 | D        | Reached * piety under Sif Muna
   119 | D        | Learned a level 3 spell: Inner Flame
   124 | D        | Learned a level 4 spell: Flame Wave
   144 | D        | Reached ** piety under Sif Muna
   144 | D        | Arena points: 12 (+12) [x2]
   192 | D        | Round 2.
   212 | D        | Reached skill level 1 in Invocations
   260 | D        | Reached *** piety under Sif Muna
   331 | D        | Arena points: 54 (+42) [x3]
   349 | D        | Bought a slimy bronze ring for 45 gold pieces
   349 | D        | Identified the ring of Zacocw {rN+ MP+9 Int+3} (You bought
                  | it in a shop in the Dungeon)
   349 | D        | Bought a pitted ivory ring for 45 gold pieces
   349 | D        | Identified the ring of Megacemn {rElec rC- rN+++ Will+
                  | Slay-4} (You bought it in a shop in the Dungeon)
   395 | D        | Round 3.
   400 | D        | Noticed a blink frog
   408 | D        | Killed a blink frog
   408 | D        | Reached **** piety under Sif Muna
   409 | D        | Reached skill level 5 in Dodging
   409 | D        | Reached XP level 7. HP: 41/41 MP: 17/17
   424 | D        | Reached skill level 5 in Conjurations
   429 | D        | Noticed Prince Ribbit
   438 | D        | Killed Prince Ribbit
   439 | D        | Reached skill level 10 in Fire Magic
   455 | D        | Reached ***** piety under Sif Muna
   456 | D        | Reached XP level 8. HP: 46/46 MP: 19/19
   490 | D        | Arena points: 138 (+84) [x4]
   508 | D        | Bought a transparent tin ring for 45 gold pieces
   508 | D        | Identified the ring of Wuticsokh {rC+ rN+ Int+3 Dex+5} (You
                  | bought it in a shop in the Dungeon)
   508 | D        | Bought a twitching granite ring for 45 gold pieces
   508 | D        | Identified the ring "Juet Hiu" {rPois Int+3} (You bought it
                  | in a shop in the Dungeon)
   543 | D        | Round 4.
   610 | D        | Received a gift from Sif Muna
   616 | D        | Got Sif Muna's Easy Magic {god gift}
   623 | D        | Learned a level 3 spell: Stone Arrow
   627 | D        | Learned a level 3 spell: Swiftness
   636 | D        | Noticed a kobold demonologist
   640 | D        | Noticed a rust devil
   642 | D        | Killed a kobold demonologist
   643 | D        | Reached skill level 5 in Invocations
   647 | D        | Reached skill level 5 in Hexes
   648 | D        | Arena points: 298 (+160) [x5]
   714 | D        | Round 5.
   722 | D        | Bought a twitching lapis lazuli ring for 45 gold pieces
   722 | D        | Identified the ring of Sosch {*Slow rF+ rC+ Str+8 SInv}
                  | (You bought it in a shop in the Dungeon)
   722 | D        | Bought a smoking lapis lazuli ring for 45 gold pieces
   722 | D        | Identified the ring "Ischudel" {rC+ MP+9 Str+3 Dex+6} (You
                  | bought it in a shop in the Dungeon)
   722 | D        | Bought a slimy platinum ring for 45 gold pieces
   722 | D        | Identified the ring of Intercession {Wiz Fly rCorr} (You
                  | bought it in a shop in the Dungeon)
   722 | D        | Bought a warped copper ring for 45 gold pieces
   722 | D        | Identified the ring of Orghos {*Slow rPois rCorr Dex+4}
                  | (You bought it in a shop in the Dungeon)
   725 | D        | Noticed a ghost crab
   732 | D        | Killed a ghost crab
   733 | D        | Reached XP level 9. HP: 32/51 MP: 22/22
   734 | D        | Noticed a witch
   735 | D        | Received a gift from Sif Muna
   742 | D        | Killed a witch
   742 | D        | Identified the staff of Prudence {^Contam rF+ rC+ rN+ Str+4
                  | Fire} (You found it in the Dungeon)
   742 | D        | Arena points: 578 (+280) [x7]
   743 | D        | Reached skill level 10 in Spellcasting
   743 | D        | Reached skill level 11 in Fire Magic
   845 | D        | Got a decaying rune of Zot
   845 | D        | Got Sif Muna's Folio of the Windy Burn {god gift}
   880 | D        | Learned a level 5 spell: Fireball
   887 | D        | Learned a level 6 spell: Starburst
   942 | D        | Round 6.
   942 | D        | a shapeshifter changed into a polar bear
   942 | D        | Noticed a polar bear (shapeshifter)
   942 | D        | a shapeshifter changed into a fire crab
   942 | D        | Noticed a fire crab (shapeshifter)
   942 | D        | a shapeshifter changed into a black mamba
   942 | D        | Noticed a black mamba (shapeshifter)
   945 | D        | Killed a black mamba
   946 | D        | Reached skill level 1 in Fighting
   946 | D        | Reached skill level 10 in Conjurations
   951 | D        | Killed a polar bear
   951 | D        | Slain by a fire crab (shapeshifter)

Illustrated notes

Levels and vault maps discovered:
D:        arena_sprint

Skill      XL: |  1  2  3  4  5  6  7  8  9 |
---------------+----------------------------+-----
Dodging        | 3 4 5 6 7 8 |  8.2
Stealth        | 5 |  5.7
Spellcasting   | 4 5 6 7 9 10 | 10.4
Conjurations   | 2 4 6 8 10 | 10.0
Fire Magic     | 8 9 10 11 | 11.5
Evocations     | 1 |  1.4
Invocations    | 2 4 6 7 |  7.1
Hexes          | 2 4 5 6 |  6.5
Fighting       | 1 |  1.4

Action                     |  1- 3 |  4- 6 |  7- 9 || total
---------------------------+-------+-------+-------++-------
  Melee: Unarmed           |       |     1 |     3 ||     4
         Constrict         |       |       |     2 ||     2
         Tentacles         |       |       |     2 ||     2
   Cast: Foxfire           |     3 |    30 |    42 ||    75
         Scorch            |       |     4 |    13 ||    17
         Inner Flame       |       |       |     2 ||     2
         Flame Wave        |       |       |     1 ||     1
         Stone Arrow       |       |       |     4 ||     4
         Fireball          |       |       |     2 ||     2
         Starburst         |       |       |     1 ||     1
  Evoke: Wand              |     2 |       |       ||     2
    Use: Potion            |       |     1 |       ||     1
 Armour: Skin              |     2 |     3 |    14 ||    19
  Dodge: Dodged            |     2 |     4 |    22 ||    28

Table legend: (Time is in decaauts)
 A = Elapsed time spent in this place.
 B = Non-inter-level travel time spent in this place.
 C = Inter-level travel time spent in this place.
 D = Time resting spent in this place.
 E = Time spent auto-exploring this place.
 F = Levels seen in this place.
 G = Mean time per level.
                   A        B        C        D        E       F      G
               +--------+--------+--------+--------+--------+-----+--------+
         Total |    946 |    946 |      0 |    100 |      0 |   1 |  946.0 |
       Dungeon |    946 |    946 |      0 |    100 |      0 |   1 |  946.0 |
               +--------+--------+--------+--------+--------+-----+--------+

Top non-repeatable levels by time:
       D: 946 daAuts
